 Dungeon Crawl Stone Soup version 0.21.1-1-g345015fe64 (webtiles) character file.

264 Hercules1031 the Shield-Bearer (level 6, -2/53 HPs)
             Began as a Gnoll Fighter on June 24, 2018.
             Slain by PikkenKukken's ghost (3 damage)
             ... on level 3 of the Dungeon.
             The game lasted 00:07:25 (1649 turns).

Hercules1031 the Shield-Bearer (Gnoll Fighter)      Turns: 1649, Time: 00:07:26

Health: -2/53      AC: 14    Str: 26    XL:     6   Next: 19%
Magic:  8/8        EV:  8    Int: 10    God:
Gold:   148        SH: 12    Dex: 18    Spells: 8/8 levels left

rFire    + . .     SeeInvis .   a - +0 war axe
rCold    . . .     Gourm    .   c - +0 shield
rNeg     . . .     Faith    .   e - +1 chain mail {rF+}
rPois    .         Spirit   .   n - +0 helmet (curse)
rElec    .         Reflect  .   k - +0 cloak {MR+}
rCorr    .         Harm     .   (no gloves)
MR       +....                  (no boots)
Stlth    ..........             (no amulet)
HPRegen  0.17/turn              g - +4 ring of dexterity
MPRegen  0.11/turn              (no ring)

@: mighty
A: distributed training, fangs 1, mutation resistance 1, sturdy frame 1, strong
nose
a: no special abilities


You were on level 3 of the Dungeon.
You were not hungry.

You visited 1 branch of the dungeon, and saw 3 of its levels.

You collected 148 gold pieces.

Inventory:

Hand Weapons
 a - a +0 war axe (weapon)
 h - a +3 quarterstaff of chaos
 m - a +1 spear of piercing
Armour
 c - a +0 shield (worn)
 e - a +1 chain mail of fire resistance (worn)
 k - a +0 cloak of magic resistance (worn)
 n - a cursed +0 helmet (worn)
Jewellery
 g - a +4 ring of dexterity (left hand)
Scrolls
 b - 2 scrolls of teleportation
 i - 2 scrolls of fear {unknown}
 l - a scroll of remove curse {unknown}
Potions
 d - a potion of might
Comestibles
 f - 3 rations


   Skills:
 + Level 6.8 Fighting
 + Level 1.8 Short Blades
 + Level 1.8 Long Blades
 + Level 4.9 Axes
 + Level 1.8 Maces & Flails
 + Level 1.8 Polearms
 + Level 1.8 Staves
 + Level 1.8 Slings
 + Level 1.8 Bows
 + Level 1.8 Crossbows
 + Level 1.8 Throwing
 + Level 6.8 Armour
 + Level 1.8 Dodging
 + Level 1.8 Stealth
 + Level 6.8 Shields
 + Level 1.8 Unarmed Combat
 + Level 1.8 Spellcasting
 + Level 1.4 Conjurations
 + Level 1.4 Hexes
 + Level 1.4 Charms
 + Level 1.4 Summonings
 + Level 1.4 Necromancy
 + Level 1.4 Translocations
 + Level 1.4 Transmutations
 + Level 1.4 Fire Magic
 + Level 1.4 Ice Magic
 + Level 1.4 Air Magic
 + Level 1.4 Earth Magic
 + Level 1.4 Poison Magic
 + Level 2.0 Invocations
 + Level 1.8 Evocations


You had 8 spell levels left.
You didn't know any spells.

Dungeon Overview and Level Annotations

Branches:
Dungeon (3/15)

Altars:

Annotations:
D:3 Natasha; PikkenKukken's ghost, amateur CeHu; Sigmund


Innate Abilities, Weirdness & Mutations

Your experience applies equally to all skills.
You have very sharp teeth.
Your uncanny sense of smell can sniff out nearby items.
You are somewhat resistant to further mutation.
Your movements are slightly less encumbered by armour. (ER -2)


Message History

The goblin shouts!
You block PikkenKukken's ghost's attack.
Natasha casts a spell at you. The magic dart hits you!
PikkenKukken's ghost hits you.
You are electrocuted!
Natasha stares at you and mumbles some strange words.
The magic dart hits you!
Sigmund the Dreaded comes into view.
He is wielding a scythe.
It was a potion of cancellation.
Your magical effects are unravelling.
You feel magically purged.
You feel yourself speed up.
PikkenKukken's ghost hits you but does no damage.
You are electrocuted!
* * * LOW HITPOINT WARNING * * *
Natasha claws you.
* * * LOW HITPOINT WARNING * * *
You block the white imp's attack.
You feel very mighty all of a sudden. PikkenKukken's ghost hits you.
You die...

∆ ∆ ####### #.####
#...#.. ∆ #.#.. #...#.#
#.#.# ###.....## #.#.#
.......5†### #...#
###...Kh@..####..#####
##
##...W##...........###.
#.....####...####.....
#.##.......#......##..
... #....####...†.....#
.@. ####.. #..†...####
.... ###........# ...
###......# ###.####


You could see Sigmund, Natasha, PikkenKukken's ghost, a white imp and a kobold.

Vanquished Creatures
  Crazy Yiuf (D:3)
  Natasha (D:3)
  Terence (D:3)
  Robin (D:3)
  4 gnolls (D:3)
  4 adders (D:2)
  3 worms
  3 dart slugs
  2 leopard geckos
  3 orcs (D:3)
  6 giant cockroaches (D:1)
  11 goblins
  12 hobgoblins
  A quokka (D:3)
  A ball python (D:2)
  7 bats
  11 frilled lizards
  8 kobolds
  8 rats
88 creatures vanquished.

Notes
Turn   | Place    | Note
-------+----------+-------------------------------------------
     0 | D:1      | Hercules1031 the Gnoll Fighter began the quest for the Orb.
     0 | D:1      | Reached XP level 1. HP: 23/23 MP: 1/1
    61 | D:1      | Reached XP level 2. HP: 29/29 MP: 2/2
   197 | D:1      | Gained mutation: Your movements are slightly less encumbered by armour. (ER -2) [potion of mutation]
   197 | D:1      | Gained mutation: You are somewhat resistant to further mutation. [potion of mutation]
   228 | D:1      | Reached XP level 3. HP: 20/35 MP: 3/3
   693 | D:2      | Reached skill level 1 in Invocations
   786 | D:2      | Reached skill level 1 in Short Blades
   786 | D:2      | Reached skill level 1 in Long Blades
   786 | D:2      | Reached skill level 1 in Maces & Flails
   786 | D:2      | Reached skill level 1 in Polearms
   786 | D:2      | Reached skill level 1 in Staves
   786 | D:2      | Reached skill level 1 in Slings
   786 | D:2      | Reached skill level 1 in Bows
   786 | D:2      | Reached skill level 1 in Crossbows
   786 | D:2      | Reached skill level 1 in Throwing
   786 | D:2      | Reached skill level 1 in Dodging
   786 | D:2      | Reached skill level 1 in Stealth
   786 | D:2      | Reached skill level 1 in Unarmed Combat
   786 | D:2      | Reached skill level 1 in Spellcasting
   786 | D:2      | Reached skill level 1 in Evocations
   786 | D:2      | Reached XP level 4. HP: 41/41 MP: 5/5
  1116 | D:2      | Reached skill level 1 in Conjurations
  1116 | D:2      | Reached skill level 1 in Hexes
  1116 | D:2      | Reached skill level 1 in Charms
  1116 | D:2      | Reached skill level 1 in Summonings
  1116 | D:2      | Reached skill level 1 in Necromancy
  1116 | D:2      | Reached skill level 1 in Translocations
  1116 | D:2      | Reached skill level 1 in Transmutations
  1116 | D:2      | Reached skill level 1 in Fire Magic
  1116 | D:2      | Reached skill level 1 in Ice Magic
  1116 | D:2      | Reached skill level 1 in Air Magic
  1116 | D:2      | Reached skill level 1 in Earth Magic
  1116 | D:2      | Reached skill level 1 in Poison Magic
  1344 | D:3      | Found a runed door.
  1348 | D:3      | Noticed Crazy Yiuf
  1358 | D:3      | Killed Crazy Yiuf
  1358 | D:3      | Reached XP level 5. HP: 24/47 MP: 3/7
  1512 | D:3      | Noticed Natasha
  1524 | D:3      | Killed Natasha
  1541 | D:3      | Noticed Terence
  1557 | D:3      | Killed Terence
  1560 | D:3      | Reached XP level 6. HP: 42/53 MP: 8/8
  1561 | D:3      | Noticed Robin
  1570 | D:3      | Killed Robin
  1637 | D:3      | Noticed Natasha
  1642 | D:3      | Noticed PikkenKukken's ghost (amateur CeHu)
  1648 | D:3      | Noticed Sigmund
  1648 | D:3      | HP: 1/53 [Natasha (4)]
  1649 | D:3      | Slain by PikkenKukken's ghost

Skill      XL: |  1  2  3  4  5  6 |
---------------+-------------------+-----
Invocations    | 1 2 |  2.0
Short Blades   | 1 |  1.8
Long Blades    | 1 |  1.8
Maces & Flails | 1 |  1.8
Polearms       | 1 |  1.8
Staves         | 1 |  1.8
Slings         | 1 |  1.8
Bows           | 1 |  1.8
Crossbows      | 1 |  1.8
Throwing       | 1 |  1.8
Dodging        | 1 |  1.8
Stealth        | 1 |  1.8
Unarmed Combat | 1 |  1.8
Spellcasting   | 1 |  1.8
Evocations     | 1 |  1.8
Conjurations   | 1 |  1.4
Hexes          | 1 |  1.4
Charms         | 1 |  1.4
Summonings     | 1 |  1.4
Necromancy     | 1 |  1.4
Translocations | 1 |  1.4
Transmutations | 1 |  1.4
Fire Magic     | 1 |  1.4
Ice Magic      | 1 |  1.4
Air Magic      | 1 |  1.4
Earth Magic    | 1 |  1.4
Poison Magic   | 1 |  1.4
Fighting       | |  6.8
Axes           | |  4.9
Armour         | |  6.8
Shields        | |  6.8

Action                   |  1- 3 |  4- 6 || total
-------------------------+-------+-------++-------
Melee: War axe           |    84 |   129 ||   213
       Bite              |     8 |    21 ||    29
  Use: Potion            |     2 |     3 ||     5
       Scroll            |     2 |     2 ||     4
 Stab: Invisible         |     4 |       ||     4
  Eat: Ration            |       |     1 ||     1
Armor: Scale mail        |    29 |       ||    29
       Chain mail        |    12 |    54 ||    66
Dodge: Dodged            |    36 |    46 ||    82
Block: Shield            |    68 |    99 ||   167
